 Dungeon Crawl Stone Soup version 0.29-a0-304-gb34f9e133a (webtiles) character file.

Game seed: 15743771999746841453

548 sanka the Insei (level 7, -7/60 HPs)
             Began as a Gnoll Monk on Mar 26, 2022.
             Mangled by an unseen horror (8 damage)
             ... on level 5 of the Dungeon.
             The game lasted 00:05:21 (5775 turns).

sanka the Insei (Gnoll Monk)                        Turns: 5775, Time: 00:05:22

Health: -7/60      AC:  5    Str: 12    XL:     7   Next: 28%
Magic:  10/10      EV: 16    Int: 10    God:
Gold:   201        SH:  0    Dex: 20    Spells: 10/10 levels left

rFire   . . .      SeeInvis .     - Unarmed
rCold   . . .      Faith    .   (no shield)
rNeg    . . .      Spirit   .   t - +3 robe "Asusayh" {Stlth+}
rPois   .          Reflect  .   (no helmet)
rElec   .          Harm     .   (no cloak)
rCorr   .          Rampage  .   (no gloves)
Will    .....                   (no boots)
Stlth   ++++......              (no amulet)
HPRegen 0.20/turn               (no ring)
MPRegen 0.12/turn               q - +6 ring of dexterity

@: no status effects
A: fangs 1, strong nose, distributed training
a: no special abilities


You were on level 5 of the Dungeon.
You visited 1 branch of the dungeon, and saw 5 of its levels.

You collected 201 gold pieces.


Innate Abilities, Weirdness & Mutations

You have very sharp teeth.
Your uncanny sense of smell can sniff out nearby items.
Your experience applies equally to all skills.


   Skills:
 + Level 7.0 Fighting
 + Level 2.3 Short Blades
 + Level 2.3 Long Blades
 + Level 2.3 Axes
 + Level 2.3 Maces & Flails
 + Level 2.3 Polearms
 + Level 2.3 Staves
 + Level 2.3 Slings
 + Level 2.3 Bows
 + Level 2.3 Crossbows
 + Level 2.3 Throwing
 + Level 2.3 Armour
 + Level 7.0 Dodging
 + Level 4.8 Stealth
 + Level 2.3 Shields
 + Level 7.0 Unarmed Combat
 + Level 2.3 Spellcasting
 + Level 1.9 Conjurations
 + Level 1.9 Hexes
 + Level 1.9 Summonings
 + Level 1.9 Necromancy
 + Level 1.9 Translocations
 + Level 1.9 Transmutations
 + Level 1.9 Fire Magic
 + Level 1.9 Ice Magic
 + Level 1.9 Air Magic
 + Level 1.9 Earth Magic
 + Level 1.9 Poison Magic
 + Level 2.6 Invocations
 + Level 2.3 Evocations


You had 10 spell levels left.
You didn't know any spells.
Your spell library contained the following spells:

 Spells                   Type           Power      Damage    Failure   Level
 Slow                     Hex            20%        N/A       14%         1
 Sublimation of Blood     Necr           5%         N/A       21%         2
 Confusing Touch          Hex            5%         N/A       38%         3
 Vampiric Draining        Necr           5%         2d6       38%         3
 Petrify                  Tmut/Erth      5%         N/A       80%         4
 Irradiate                Conj/Tmut      2%         3d14      98%         5

Inventory:

Hand Weapons
 u - a +2 dagger of venom
Missiles
 i - 8 poisoned darts (quivered)
 m - 2 boomerangs of dispersal {=f}
Armour
 t - the +3 robe "Asusayh" (worn) {Stlth+}

   Stlth:     It makes you more stealthy.
Jewellery
 p - a ring of willpower
 q - a +6 ring of dexterity (right hand)
Scrolls
 a - a scroll of amnesia {unknown}
 h - 4 scrolls of identify {@r1}
 k - a scroll of fog {unknown}
 l - a scroll of enchant armour {unknown}
 o - a scroll of immolation {unknown}
 r - a scroll of enchant weapon {unknown}
 s - 2 scrolls of blinking
 v - a scroll of teleportation {unknown}
 w - a scroll of magic mapping {unknown}
Potions
 b - 2 potions of ambrosia
 c - 2 potions of brilliance {unknown}
 d - 4 potions of heal wounds {unknown}
 e - a potion of lignification {unknown}
 f - 3 potions of mutation {unknown}
 g - 3 potions of attraction {unknown}
 j - a potion of resistance {unknown}
 n - a potion of might {unknown}

Dungeon Overview and Level Annotations

Branches:
Dungeon (5/15)
 Temple: D:4-7

Altars:
Zin

Shops:
D:4 =

Annotations:
D:5 2 transporters, chill's ghost, novice OpWn

....... ▒.....▒..?..
......▒▒...▒....... .
.......▒.(▒....... ▒.
▒▒..W▒............. ▒▒
▒..▒....▒▒..▒.........▒▒
▒.▒▒.......▒▒..▒▒.▒.▒>.. .▒
▒▒..▒.......▒▒.▒▒..▒ ▒ ▒▒.▒
▒▒......▒▒.......▒▒.▒▒▒▒▒.... ▒▒
▒.......▒▒..g▒▒.............▒
..▒▒▒....▒..▒▒▒...▒▒▒.....▒▒...▒▒
...▒........▒▒..^..▒..▒.▒......▒.
......................▒▒▒..▒.....
∆▒.................▒..▒.▒..▒.....
▒................▒▒.........▒..
▒▒▒..........▒.....▒.........▒..
▒............▒▒..............▒..
▒............................▒..


You could see a phantom.


Message History

You aren't carrying any items that you can evoke.
Okay, then.
As you read the scroll labelled HYFOIL TAFAMI, it crumbles to dust.
It is a scroll of identify.
s - 2 scrolls of blinking Something hits you.
You aren't carrying any items that you can evoke. 2 adders come into view.
Found a stone staircase leading down.
Something hits you!
* * * LOW HITPOINT WARNING * * *
Something hits you.
* * * LOW HITPOINT WARNING * * *
Something barely misses you.
A hound comes into view.
A phantom comes into view.
Something hits you.
* * * LOW HITPOINT WARNING * * *
Something barely misses you. Something hits you but does no damage.
Something hits you!
* * * LOW HITPOINT WARNING * * *
Something completely misses you. Something hits you.
* * * LOW HITPOINT WARNING * * *
Something hits you!
* * * LOW HITPOINT WARNING * * *
Something barely misses you. Something hits you!
You die...

Action                   |  1- 3 |  4- 6 |  7- 9 || total
-------------------------+-------+-------+-------++-------
Melee: Unarmed           |    77 |   197 |    23 ||   297
       Bite              |     8 |    22 |       ||    30
       Punch             |     3 |    10 |     1 ||    14
  Use: Potion            |       |     1 |       ||     1
       Scroll            |       |       |     1 ||     1
 Stab: Sleeping          |    13 |    14 |     2 ||    29
       Distracted        |     1 |       |       ||     1
Armor: Robe              |     7 |    15 |    10 ||    32
Dodge: Dodged            |    49 |   119 |    16 ||   184

Levels and vault maps discovered:
D:1:      saegor_arrival_simple_e, layout_loops_ring,
          wander_ebering_terrifying_dragon_lair
D:2:      layout_basic, basic_altar
D:3:      layout_loops_ring, nrook_uturn, bh_walls_and_bars
D:4:      layout_gridville, serial_shops, nicolae_shop_hallway_plus,
          moated_statue, hangedman_decor_peaks_small
D:5:      layout_cave_pools, kennysheep_mini_moat, temple_statues,
          gammafunk_ghost_arena, cheibrodos_gnoll_hut

Notes
Turn   | Place    | Note
-------+----------+-------------------------------------------
     0 | D:1      | sanka the Gnoll Monk began the quest for the Orb.
     0 | D:1      | Reached XP level 1. HP: 23/23 MP: 1/1
   249 | D:1      | Reached XP level 2. HP: 29/29 MP: 2/2
   672 | D:1      | Reached XP level 3. HP: 21/35 MP: 2/4
   991 | D:1      | Reached skill level 1 in Invocations
  1388 | D:2      | Reached skill level 1 in Short Blades
  1388 | D:2      | Reached skill level 1 in Long Blades
  1388 | D:2      | Reached skill level 1 in Axes
  1388 | D:2      | Reached skill level 1 in Maces & Flails
  1388 | D:2      | Reached skill level 1 in Polearms
  1388 | D:2      | Reached skill level 1 in Staves
  1388 | D:2      | Reached skill level 1 in Slings
  1388 | D:2      | Reached skill level 1 in Bows
  1388 | D:2      | Reached skill level 1 in Crossbows
  1388 | D:2      | Reached skill level 1 in Throwing
  1388 | D:2      | Reached skill level 1 in Armour
  1388 | D:2      | Reached skill level 1 in Shields
  1388 | D:2      | Reached skill level 1 in Spellcasting
  1388 | D:2      | Reached skill level 1 in Evocations
  1491 | D:2      | Found a glowing silver altar of Zin.
  1542 | D:2      | Reached XP level 4. HP: 32/41 MP: 5/5
  2285 | D:3      | Reached skill level 1 in Conjurations
  2285 | D:3      | Reached skill level 1 in Hexes
  2285 | D:3      | Reached skill level 1 in Summonings
  2285 | D:3      | Reached skill level 1 in Necromancy
  2285 | D:3      | Reached skill level 1 in Translocations
  2285 | D:3      | Reached skill level 1 in Transmutations
  2285 | D:3      | Reached skill level 1 in Fire Magic
  2285 | D:3      | Reached skill level 1 in Ice Magic
  2285 | D:3      | Reached skill level 1 in Air Magic
  2285 | D:3      | Reached skill level 1 in Earth Magic
  2285 | D:3      | Reached skill level 1 in Poison Magic
  2288 | D:3      | HP: 4/41 [dart slug/slug dart (3)]
  2678 | D:3      | Reached XP level 5. HP: 40/47 MP: 6/6
  3707 | D:4      | Found Rijugot's Jewellery Boutique.
  4065 | D:4      | Reached XP level 6. HP: 48/53 MP: 8/8
  4130 | D:4      | Reached skill level 2 in Invocations
  4454 | D:4      | Reached skill level 2 in Short Blades
  4454 | D:4      | Reached skill level 2 in Long Blades
  4454 | D:4      | Reached skill level 2 in Axes
  4454 | D:4      | Reached skill level 2 in Maces & Flails
  4454 | D:4      | Reached skill level 2 in Polearms
  4454 | D:4      | Reached skill level 2 in Staves
  4454 | D:4      | Reached skill level 2 in Slings
  4454 | D:4      | Reached skill level 2 in Bows
  4454 | D:4      | Reached skill level 2 in Crossbows
  4454 | D:4      | Reached skill level 2 in Throwing
  4454 | D:4      | Reached skill level 2 in Armour
  4454 | D:4      | Reached skill level 2 in Shields
  4454 | D:4      | Reached skill level 2 in Spellcasting
  4454 | D:4      | Reached skill level 2 in Evocations
  4995 | D:4      | Identified the +3 robe "Asusayh" {Stlth+}
  5259 | D:5      | Entered Level 5 of the Dungeon
  5292 | D:5      | Reached XP level 7. HP: 28/59 MP: 10/10
  5520 | D:5      | Reached skill level 7 in Fighting
  5520 | D:5      | Reached skill level 7 in Dodging
  5520 | D:5      | Reached skill level 7 in Unarmed Combat
  5597 | D:5      | Found a transporter.
  5620 | D:5      | Noticed chill's ghost (novice OpWn)
  5625 | D:5      | Found a transporter.
  5774 | D:5      | HP: 1/60 [something (9)]
  5775 | D:5      | Mangled by an unseen horror

Vanquished Creatures
  An ice beast (D:5)
  2 scorpions
  A howler monkey (D:4)
  A hound (D:3)
  A gnoll shaman (D:4)
  An iguana (D:5)
  An orc wizard (D:3)
  6 gnolls
  4 adders
  A worm (D:5)
  3 dart slugs
  6 orcs
  6 bats
  9 endoplasms
  6 giant cockroaches
  10 hobgoblins
  2 jackals (D:3)
  7 kobolds
  5 quokkas
  9 ball pythons
  4 frilled lizards
  4 goblins
  4 rats
94 creatures vanquished.
